 Dungeon Crawl Stone Soup version 0.30.1-11-g7821555f0a (webtiles) character file.

Game seed: 15412345528594103141

109 jagang the Trooper (level 4, -2/39 HPs)
             Began as a Barachi Monk on Nov 14, 2023.
             Slain by Grinder (4 damage)
             ... on level 3 of the Dungeon.
             The game lasted 00:04:04 (2390 turns).

jagang the Trooper (Barachi Monk)                   Turns: 2390, Time: 00:04:04

Health: -2/39      AC:  8    Str: 12    XL:     4   Next: 90%
Magic:  4/4        EV:  7    Int: 10    God:
Gold:   134        SH:  0    Dex: 17    Spells: 3/3 levels left

rFire   . . .        a - +0 falchion
rCold   . . .        d - orb {light}
rNeg    . . .        l - +0 chain mail
rPois   .            (no helmet)
rElec   .            (no cloak)
rCorr   .            (no gloves)
SInv    .            (no boots)
Will    .....        (no amulet) Stlth
                     (no ring)
HPRegen 0.26/turn    (no ring)
MPRegen 0.09/turn

%: no passive effects
@: glowing, slow
A: amphibious, slowness 1, strong legs 1, +LOS
a: Hop


You were on level 3 of the Dungeon.
You visited 1 branch of the dungeon, and saw 3 of its levels.

You collected 134 gold pieces.

Inventory:

Hand Weapons
 a - a +0 falchion (weapon)
Missiles
 k - 6 javelins
 q - 3 curare-tipped darts
 s - 2 poisoned darts
Armour
 d - an orb of light (worn)
 l - a +0 chain mail (worn)
Scrolls
 b - a scroll of vulnerability {unknown}
 g - 3 scrolls of identify {unknown}
 j - a scroll of silence {unknown}
 m - a scroll of fog {unknown}
 p - a scroll of enchant weapon {unknown}
 u - a scroll of magic mapping {unknown}
 v - a scroll of amnesia {unknown}
Potions
 c - a potion of ambrosia
 e - 2 potions of might {unknown}
 f - a potion of brilliance {unknown}
 h - a potion of invisibility {unknown}
 i - 2 potions of degeneration {unknown}
 n - 2 potions of curing {unknown}
 o - 4 potions of heal wounds {unknown}
 r - a potion of lignification {unknown}
 t - 2 potions of resistance {unknown}


   Skills:
 * Level 5.0 Fighting
 * Level 4.9 Long Blades
 + Level 2.1 Armour
 - Level 3.2 Dodging


You had 3 spell levels left.
You didn't know any spells.
Your spell library contained the following spells:

 Spells                   Type           Power      Damage    Failure   Level
 Freeze                   Ice            0%         1d3       100%        1
 Necrotise                Necr           0%         1d4       100%        1
 Slow                     Hex            0%         N/A       100%        1
 Confusing Touch          Hex            0%         N/A       100%        3
 Frozen Ramparts          Ice            0%         1d1       100%        3
 Hailstorm                Conj/Ice       0%         3d3       100%        3
 Vampiric Draining        Necr           0%         2d6       100%        3
 Agony                    Necr           0%         N/A       100%        5


Dungeon Overview and Level Annotations

Branches:
Dungeon (3/15)

Altars:

Shops:
D:1 [

Annotations:
D:3 Grinder


Innate Abilities, Weirdness & Mutations

You are amphibious.
You cover ground slowly.
You can hop short distances.
You have an extended range of vision and can be seen from far away.


Message History

The goblin hits you but does no damage.
Grinder blinks!
You can move again.
You barely miss the goblin. The goblin hits you with a +0 dagger.
Grinder blinks!
The goblin hits you but does no damage.
You hit the goblin.
The goblin is severely wounded.
The goblin hits you with a +0 dagger.
Grinder blinks!
You slash the goblin!
You kill the goblin!
Grinder gestures at you.
You suddenly lose the ability to move!
Grinder blinks!
You can move again.
There is a stone staircase leading down here.
There is a stone staircase leading up here.
You start resting.
Grinder is nearby!
Grinder gestures at you.
You suddenly lose the ability to move!
You stop ascending the stairs.
You can move again.
You are too injured to fight recklessly!
You are too injured to fight recklessly!
Grinder hits you.
You writhe in agony.
* * * LOW HITPOINT WARNING * * *
You closely miss Grinder.
Grinder is moderately wounded.
Grinder hits you but does no damage.
You hit Grinder.
Grinder is moderately wounded.
Grinder hits you but does no damage.
You hit Grinder.
Grinder is moderately wounded.
Grinder hits you.
* * * LOW HITPOINT WARNING * * *
You writhe in agony.
* * * LOW HITPOINT WARNING * * *
You hit Grinder but do no damage.
Grinder is moderately wounded.
Grinder hits you.
You die...

......####..#.......
########## #..#####...
#......#.####......#...
#.#....#......####.#...
#......#.##....###.#...
######.#>#.....##......
#.#.#.....#####.##
###########.5.#.....# #<..
#..........@###.....#####..#
#.........<.# #...(..##.....
#...........# #......##.###.
#...........# #.............
#...........###.....###.#...
#...........##........#.####
#...........##........#.....
#....<......##........######
##############........# #


You could see Grinder.

Vanquished Creatures
  Natasha (D:3)
  2 adders (D:2)
  2 dart slugs (D:2)
  3 bats
  6 endoplasms
  2 giant cockroaches
  12 hobgoblins
  4 jackals (D:1)
  3 kobolds
  A quokka (D:2)
  A ball python (D:3)
  5 frilled lizards
  11 goblins
  4 rats
57 creatures vanquished.

Notes
Turn   | Place    | Note
-------+----------+-------------------------------------------
     0 | D:1      | jagang the Barachi Monk began the quest for the Orb.
     0 | D:1      | Reached XP level 1. HP: 18/18 MP: 1/1
    97 | D:1      | Found Nucwog's Armour Emporium.
   421 | D:1      | Reached XP level 2. HP: 25/25 MP: 2/2
   432 | D:1      | Reached skill level 4 in Fighting
   534 | D:1      | Reached skill level 1 in Armour
   928 | D:2      | Reached XP level 3. HP: 19/30 MP: 3/3
  1197 | D:2      | Found a faded altar of an unknown god.
  1206 | D:2      | Got Plato's Annotations on Cold
  1477 | D:2      | Reached XP level 4. HP: 24/38 MP: 4/4
  2144 | D:3      | Noticed Natasha
  2153 | D:3      | Killed Natasha
  2154 | D:3      | Reached skill level 5 in Fighting
  2348 | D:3      | Noticed Grinder
  2358 | D:3      | Paralysed by Grinder for 3 turns
  2365 | D:3      | Paralysed by Grinder for 4 turns
  2384 | D:3      | Paralysed by Grinder for 2 turns
  2389 | D:3      | HP: 1/39 [Grinder (6)]
  2390 | D:3      | Slain by Grinder

Illustrated notes

Levels and vault maps discovered:
D:1:      saegor_arrival_miasma, layout_basic, serial_shops,
          nicolae_diamond_shop
D:2:      cheibrodos_greedy_goblins, layout_basic,
          shapermc_ecumenical_altar_rom_forum, minmay_misc_feat_enclosed,
          minmay_statues_item, minmay_increasing_density
D:3:      layout_basic, uniq_grinder, uniq_natasha

Skill      XL: |  1  2  3  4 |
---------------+-------------+-----
Fighting       | 4 5 |  5.0
Long Blades    | 4 |  4.9
Armour         | 1 2 |  2.1
Dodging        | |  3.2

Action                     |  1- 3 |  4- 6 || total
---------------------------+-------+-------++-------
  Melee: Falchion          |    91 |    49 ||   140
 Armour: Robe              |     5 |       ||     5
         Chain mail        |    23 |    19 ||    42
  Dodge: Dodged            |    46 |    12 ||    58
